 Dungeon Crawl Stone Soup version 0.30-a0-772-g5528072125 (webtiles) character file.

Game seed: 7563810547250963537

15626 bmack86 the Cleaver (level 12, -5/106 HPs)
             Began as a Minotaur Fighter on Feb 13, 2023.
             Was a Priest of Okawaru.
             Slain by a 19-headed hydra (6 damage)
             ... on level 1 of the Lair of Beasts.
             The game lasted 00:33:05 (10665 turns).

bmack86 the Cleaver (Minotaur Fighter)             Turns: 10665, Time: 00:33:05

Health: -5/106     AC: 25    Str: 33    XL:     12   Next: 2%
Magic:  9/15       EV:  9    Int:  5    God:    Okawaru [***...]
Gold:   309        SH: 19    Dex: 11    Spells: 11/11 levels left

rFire   + . .      SeeInvis .    a - +1 war axe
rCold   . . .      Faith    .    j - +2 kite shield {rF+}
rNeg    . . .      Spirit   .    C - +3 plate armour
rPois   .          Reflect  +    s - +2 hat
rElec   .          Harm     .    (no cloak)
rCorr   .          Rampage  +    (no gloves)
Will    .....                    H - +2 pair of boots {Stlth+} Stlth
                                 v - amulet "Woarascha" {Reflect Rampage Str+2 SH+5}
HPRegen 0.37/turn                h - +6 ring of strength
MPRegen 0.14/turn                (no ring)

@: heroic, finesse-ful
A: horns 2, retaliatory headbutt
a: Renounce Religion, Heroism


You were on level 1 of the Lair of Beasts.
You worshipped Okawaru.
Okawaru was most pleased with you.
You visited 3 branches of the dungeon, and saw 13 of its levels.

You collected 802 gold pieces.
You spent 493 gold pieces at shops.

Inventory:

Hand Weapons
 a - a +1 war axe (weapon)
Missiles
 l - 4 atropa-tipped darts
 r - 11 boomerangs (quivered)
 B - 9 javelins
Armour
 j - a +2 kite shield of fire resistance (worn)
 s - a +2 hat (worn)
 w - a +3 chain mail of fire resistance
 C - a +3 plate armour (worn)
 H - a +2 pair of boots of stealth (worn)
Jewellery
 h - a +6 ring of strength (left hand)
 v - the amulet "Woarascha" (around neck) {Reflect Rampage Str+2 SH+5}
   (You acquired it on level 1 of the Lair of Beasts)

   [amulet of reflection]

   It reflects blocked missile attacks.
   Str:       It affects your strength (+2).
   SH:        It affects your SH (+5).
   Rampage:   It bestows one free step when moving towards enemies.
Wands
 b - a wand of mindburst (7)
 c - a wand of flame (14)
 e - a wand of iceblast (2)
 t - a wand of charming (20)
 y - a wand of polymorph (31)
Scrolls
 k - 6 scrolls of teleportation
 o - a scroll of enchant weapon
 z - 4 scrolls of fear
 D - a scroll of poison
 E - a scroll of identify
 F - 2 scrolls of amnesia
Potions
 d - 3 potions of might
 f - a potion of lignification
 g - 2 potions of brilliance
 i - a potion of haste
 m - 2 potions of berserk rage
 n - 11 potions of curing
 p - 2 potions of mutation
 q - 4 potions of heal wounds
 u - a potion of attraction
 x - a potion of flight
 A - 2 potions of degeneration


   Skills:
 + Level 9.8(14.8) Fighting
 * Level 13.1(18.1) Axes
 + Level 7.5(12.5) Throwing
 + Level 9.8(14.8) Armour
 + Level 9.9(14.9) Shields
 + Level 6.4 Invocations


You had 11 spell levels left.
You didn't know any spells.
Your spell library contained the following spells:

 Spells                   Type           Power      Damage    Failure   Level
 Foxfire                  Conj/Fire      0%         2x1d4     99%         1
 Kiss of Death            Conj/Necr      0%         2d5       99%         1
 Confusing Touch          Hex            0%         N/A       100%        3
 Kindle Blastsparks       Fire/Tloc/Air  0%         2d10      100%        3
 Dispel Undead            Necr           0%         3d6       100%        4
 Fulminant Prism          Conj/Hex       0%         3d5       100%        4
 Iskenderun's Mystic Bla  Conj/Tloc      0%         2d3       100%        4
 Fireball                 Conj/Fire      0%         3d3       100%        5
 Lee's Rapid Deconstruct  Erth           0%         3d4*      100%        5
 Eringya's Noxious Bog    Tmut/Pois      0%         N/A       100%        6
 Starburst                Conj/Fire      0%         6d3       100%        6
 Summon Forest            Summ/Tloc      Unusable   N/A       N/A         5
 Summon Hydra             Summ           Unusable   N/A       N/A         7

Dungeon Overview and Level Annotations

Branches:
Dungeon (10/15)            Temple (1/1) D:5            Lair (2/5) D:10
    Orc (0/2) D:10
  Swamp: Lair:2-3    Shoals: Lair:2-3     Snake: Lair:2-3    Spider: Lair:2-3

Altars:
Ashenzari
Cheibriados
Dithmenos
Elyvilon
Fedhas
Gozag
Hepliaklqana
Kikubaaqudgha
Makhleb
Nemelex Xobeh
Okawaru
Qazlal
Ru
Sif Muna
Trog
Uskayaw
Vehumet
Wu Jian
Xom
Yredelemnul
Zin
The Shining One

Shops:
D:9 *   D:10 [

Annotations:
Temple 2 transporters


Innate Abilities, Weirdness & Mutations

You have a pair of horns on your head.
You reflexively headbutt those who attack you in melee.


Message History

You block the 14-headed hydra's attack.
The 14-headed hydra bites you but does no damage. x2
The 14-headed hydra barely misses you.
You slice one of the 14-headed hydra's heads off!
The 13-headed hydra grows two more!
You hit the 15-headed hydra.
The 15-headed hydra is heavily wounded.
You barely miss the 15-headed hydra.
The 15-headed hydra is heavily wounded.
You hack one of the 15-headed hydra's heads off!
The 14-headed hydra grows two more!
You hit the 16-headed hydra.
The 16-headed hydra is moderately wounded.
You block the 16-headed hydra's attack. x3
The 16-headed hydra closely misses you.
The 16-headed hydra bites you but does no damage.
The 16-headed hydra closely misses you.
The 16-headed hydra bites you but does no damage. x2
You block the 16-headed hydra's attack.
The 16-headed hydra barely misses you. x2
You block the 16-headed hydra's attack.
The 16-headed hydra bites you but does no damage.
The 16-headed hydra bites you!
* * * LOW HITPOINT WARNING * * *
You block the 16-headed hydra's attack. The 16-headed hydra bites you.
* * * LOW HITPOINT WARNING * * *
You chop one of the 16-headed hydra's heads off!
The 15-headed hydra grows two more!
You slash the 17-headed hydra!
The 17-headed hydra is moderately wounded.
You chop one of the 17-headed hydra's heads off!
The 16-headed hydra grows two more!
You slash the 18-headed hydra!
The 18-headed hydra is lightly wounded.
You slice one of the 18-headed hydra's heads off!
The 17-headed hydra grows two more!
You slash the 19-headed hydra!
The 19-headed hydra is moderately wounded.
The 19-headed hydra bites you but does no damage.
You block the 19-headed hydra's attack. The 19-headed hydra bites you!
* * * LOW HITPOINT WARNING * * *
The 19-headed hydra bites you but does no damage.
You block the 19-headed hydra's attack.
The 19-headed hydra bites you but does no damage. x2
The 19-headed hydra closely misses you. The 19-headed hydra bites you.
You die...

###.......##....##.###......
###......#..........##
#......
####.....##.#....#...###
#......
...+.8..###..#...##..#.#
###.... .##...###
#####.......## #...# .####.#
#...#.### ##... #.###.#
##..#..# ##.. ......#
#.D...#### #####. ......##
##@>.....## ##..... .......#
#...#....###P..... ....####
#######.....##....... ....#
##..#........#........
....##
##................)....
.....##
#......................
......#
##......................
......#
#............###........
.....#####...........##
##....##.


You could see a 19-headed hydra.

Vanquished Creatures
  Gastronok (Lair:1)
  4 two-headed ogres
  The ghost of pigah the Martial Artist, a novice OpWn of Gozag (D:8)
  An ugly thing (D:10)
  A deep elf pyromancer (D:8)
  2 elephants (Lair:2)
  Joseph (D:10)
  Maggie (D:9)
  2 komodo dragons (Lair:1)
  Grinder (D:4)
  4 hornets
  A wraith (D:10)
  A shadow (D:9)
  4 wyverns
  11 yaks
  A basilisk (Lair:2)
  Grum (D:10)
  A steam dragon (D:9)
  Menkaure (D:7)
  5 water moccasins
  An acid dragon (D:8)
  6 orc warriors
  3 ice beasts
  2 sky beasts (D:8)
  3 black bears
  4 centaurs
  7 wolves
  5 bullfrogs
  3 kobold brigands
  2 necrophages
  2 scorpions
  5 wights
  3 killer bees (D:10)
  A howler monkey (D:6)
  5 hounds
  A jelly (D:6)
  2 gnoll boudas
  4 orc priests
  6 iguanas
  Terence (D:3)
  Jessica (D:2)
  Natasha (thrice) (D:2)
  3 orc wizards
  19 gnolls
  8 adders
  2 shadow imps
  A white imp (D:6)
  3 ufetubi
  A dart slug (D:1)
  31 orcs
  4 ball pythons
  6 endoplasms
  A giant cockroach (D:2)
  5 goblins
  9 hobgoblins
  4 jackals (D:9)
  12 kobolds
  6 quokkas
  2 bats
  A frilled lizard (D:2)
  5 rats
  A bush (D:4)
239 creatures vanquished.

Vanquished Creatures (others)
  8 fungi
  18 plants
26 creatures vanquished.

Grand Total: 265 creatures vanquished

Notes
Turn   | Place    | Note
-------+----------+-------------------------------------------
     0 | D:1      | bmack86 the Minotaur Fighter began the quest for the Orb.
     0 | D:1      | Reached XP level 1. HP: 19/19 MP: 0/0
   100 | D:1      | Reached XP level 2. HP: 26/27 MP: 1/1
   175 | D:1      | Found a faded altar of an unknown god.
   177 | D:1      | Reached skill level 3 in Axes
   924 | D:2      | Reached XP level 3. HP: 33/33 MP: 2/2
  1011 | D:2      | Noticed Natasha
  1018 | D:2      | Killed Natasha
  1336 | D:2      | Noticed Natasha
  1345 | D:2      | Killed Natasha
  1346 | D:2      | Reached XP level 4. HP: 32/40 MP: 3/3
  1393 | D:2      | Noticed Jessica
  1399 | D:2      | Killed Jessica
  1400 | D:2      | Reached skill level 4 in Axes
  1400 | D:2      | Reached skill level 1 in Throwing
  1590 | D:2      | Noticed Natasha
  1600 | D:2      | Killed Natasha
  1601 | D:2      | Reached XP level 5. HP: 45/47 MP: 4/4
  1860 | D:3      | Noticed Terence
  1863 | D:3      | Killed Terence
  2010 | D:3      | Found a broken altar of Ashenzari.
  2010 | D:3      | Found a bloodstained altar of Trog.
  2058 | D:3      | Reached XP level 6. HP: 53/53 MP: 5/5
  2113 | D:3      | Found an ornate altar of the Wu Jian Council.
  2315 | D:4      | Found a glowing silver altar of Zin.
  2325 | D:4      | Reached skill level 5 in Axes
  2541 | D:4      | Reached skill level 5 in Shields
  2794 | D:4      | Reached skill level 5 in Fighting
  2797 | D:4      | Reached skill level 5 in Armour
  2848 | D:4      | Reached XP level 7. HP: 61/61 MP: 6/6
  3136 | D:5      | Entered Level 5 of the Dungeon
  3136 | D:5      | Noticed Grinder
  3154 | D:4      | Killed Grinder
  3155 | D:4      | Reached skill level 6 in Axes
  3577 | D:5      | Found an ancient bone altar of Kikubaaqudgha.
  3741 | D:5      | Found a staircase to the Ecumenical Temple.
  3750 | Temple   | Entered the Ecumenical Temple
  3750 | Temple   | Found a transporter.
  3750 | Temple   | Found a transporter.
  3752 | Temple   | Found a transporter.
  3752 | Temple   | Found a transporter.
  3767 | Temple   | Became a worshipper of Warmaster Okawaru
  3917 | D:5      | You fall into a shaft and drop 1 floor!
  3944 | D:6      | Reached XP level 8. HP: 68/70 MP: 7/7
  3981 | D:6      | Reached skill level 7 in Axes
  3983 | D:6      | Found a burning altar of Makhleb.
  4128 | D:5      | Found a shimmering blue altar of Sif Muna.
  4383 | D:6      | Reached skill level 1 in Invocations
  5028 | D:7      | Noticed Menkaure
  5035 | D:7      | Killed Menkaure
  5035 | D:7      | Reached * piety under Okawaru
  5236 | D:7      | Reached skill level 8 in Axes
  5715 | D:7      | Found a sacrificial altar of Ru.
  5772 | D:8      | Found a transporter.
  5775 | D:8      | Found a transporter.
  5776 | D:8      | Noticed pigah's ghost (novice OpWn)
  5781 | D:8      | Noticed a deep elf pyromancer
  5785 | D:8      | Reached XP level 9. HP: 63/78 MP: 9/9
  6093 | D:8      | Found a sparkling altar of Nemelex Xobeh.
  6138 | D:8      | Noticed a two-headed ogre
  6146 | D:8      | Killed a two-headed ogre
  6146 | D:8      | Reached ** piety under Okawaru
  6147 | D:8      | Reached skill level 9 in Axes
  6368 | D:8      | Reached skill level 5 in Throwing
  6518 | D:8      | Found a stormy altar of Qazlal.
  6632 | D:9      | Noticed Maggie
  6646 | D:9      | Killed Maggie
  6716 | D:9      | Paralysed by a hornet for 3 turns
  6723 | D:9      | Reached *** piety under Okawaru
  6723 | D:9      | Noticed a two-headed ogre
  6724 | D:9      | Reached skill level 10 in Axes
  6724 | D:9      | Reached XP level 10. HP: 65/88 MP: 8/11
  6736 | D:9      | Killed a two-headed ogre
  6754 | D:9      | Reached **** piety under Okawaru
  7059 | D:9      | Found Idi Famm's Assorted Antiques.
  7070 | D:9      | Bought a potion of heal wounds for 160 gold pieces
  7070 | D:9      | Bought a scroll labelled ACZOEZX TUGOGU for 32 gold pieces
  7377 | D:9      | Reached skill level 11 in Axes
  7441 | D:9      | Found a basalt altar of Yredelemnul.
  7562 | D:10     | Entered Level 10 of the Dungeon
  7568 | D:10     | Found a staircase to the Orcish Mines.
  7721 | D:10     | Received a gift from Okawaru
  7870 | D:10     | Noticed a two-headed ogre
  7875 | D:10     | Killed a two-headed ogre
  7876 | D:10     | Reached skill level 5 in Invocations
  7977 | D:10     | Noticed Joseph
  7990 | D:10     | Killed Joseph
  7990 | D:10     | Reached ***** piety under Okawaru
  8273 | D:10     | Noticed Grum
  8279 | D:10     | Reached XP level 11. HP: 83/95 MP: 13/13
  8283 | D:10     | Killed Grum
  8294 | D:10     | Noticed a two-headed ogre
  8307 | D:10     | Killed a two-headed ogre
  8493 | D:10     | Paralysed by a hornet for 1 turns
  8497 | D:10     | Identified the +5 scale mail of the Teaching Gods {Int+4}
                  | (Okawaru gifted it to you on level 10 of the Dungeon)
  8497 | D:10     | Received a gift from Okawaru
  8837 | D:10     | Found a staircase to the Lair.
  8864 | D:10     | Found Negoluam's Armour Shop.
  8873 | D:10     | Noticed a purple ugly thing
  8885 | D:10     | Killed a purple ugly thing
  8893 | D:10     | Bought a +2 pair of boots of stealth for 301 gold pieces
  9082 | D:8      | Killed pigah's ghost
  9083 | D:8      | Reached skill level 12 in Axes
  9147 | D:8      | Killed a deep elf pyromancer
  9272 | Lair:1   | Entered Level 1 of the Lair of Beasts
  9464 | Lair:1   | Noticed Gastronok
  9484 | Lair:1   | Killed Gastronok
  9926 | Lair:1   | Reached skill level 13 in Axes
 10398 | Lair:1   | Identified a scroll of acquirement
 10399 | Lair:1   | Acquired the amulet "Woarascha" {Reflect Rampage Str+2
                  | SH+5}
 10447 | Lair:2   | Received a gift from Okawaru
 10448 | Lair:2   | Reached XP level 12. HP: 43/106 MP: 15/15
 10630 | Lair:2   | Noticed an eight-headed hydra
 10665 | Lair:1   | HP: 1/106 [19-headed hydra (8)]
 10665 | Lair:1   | Slain by a 19-headed hydra

Illustrated notes

Levels and vault maps discovered:
D:1:      dpeg_arrival_morbid_curiosity, layout_loops_ring,
          dreamdust_ecumenical_altar_statues, serial_bayou_pond_e,
          serial_bayou_lagoon_a
D:2:      layout_basic, uniq_natasha, uniq_jessica
D:3:      layout_rooms, gammafunk_temple_overflow_statue, pf_just_have_faith,
          uniq_terence
D:4:      layout_rooms, mainiacjoe_overflow_concentric_impassable,
          serial_forest, infiniplex_forest_split, infiniplex_forest_lined_4_way,
          infiniplex_forest_straight_3, infiniplex_forest_clump_tiny,
          infiniplex_forest_straight_2, infiniplex_forest_straight_2,
          infiniplex_forest_straight_2, infiniplex_forest_lined_3_way,
          minmay_misc_feat_rugged
D:5:      layout_basic, kennysheep_little_box, nicolae_sif_muna_little_library,
          minmay_temple_entry_waves, uniq_grinder
D:6:      layout_basic, marbit_many_paths
D:7:      layout_cave_pools, nicolae_ru_path_of_blood, uniq_menkaure
D:8:      layout_rooms, nicolae_overflow_hidden_temple, nemelex_altar_shiori,
          nzn_ghost_randoct
D:9:      layout_big_octagon, mainiacjoe_overflow_alcove_1, serial_gnoll_camp,
          gnoll_camp_mini_loothouse, gnoll_camp_mini_hut, gnoll_camp_mini_shop,
          gnoll_camp_mini_doghouse, uniq_maggie
D:10:     layout_gridville, grunt_lair_entry_orc_guard_hut, orc_0_dummy,
          serial_shops, nicolae_diamond_shop, uniq_grum, uniq_joseph
Temple:   hellmonk_temple_divided_pantheon
Lair:1:   layout_cave_shapes, grunt_megastairs_4, uniq_gastronok
Lair:2:   layout_long_grid, nicolae_spider_entry_non_spiders

Skill      XL: |  1  2  3  4  5  6  7  8  9 10 11 |
---------------+----------------------------------+-----
Axes           | 3 4 5 6 8 10 11 13 | 13.1
Fighting       | 4 5 6 7 8 9 |  9.8
Shields        | 4 5 6 7 8 9 |  9.9
Armour         | 4 5 6 7 8 9 |  9.8
Throwing       | 1 2 3 4 5 6 7 |  7.5
Invocations    | 2 3 5 6 |  6.4

Action                     |  1- 3 |  4- 6 |  7- 9 | 10-12 || total
---------------------------+-------+-------+-------+-------++-------
  Melee: War axe           |    79 |   111 |   192 |   311 ||   693
         Headbutt          |     9 |    17 |    33 |    69 ||   128
  Throw: Boomerang         |       |     4 |     6 |    23 ||    33
 Invoke: Heroism           |       |       |     5 |     7 ||    12
         Finesse           |       |       |       |     3 ||     3
    Use: Scroll            |     3 |    12 |     3 |    11 ||    29
         Potion            |       |     1 |       |     2 ||     3
 Armour: Scale mail        |    32 |       |       |       ||    32
         Chain mail        |     3 |    47 |    94 |    16 ||   160
         Plate armour      |       |       |       |   226 ||   226
  Dodge: Dodged            |    30 |    31 |    61 |   107 ||   229
  Block: Buckler           |    14 |       |       |       ||    14
         Kite shield       |    19 |    57 |   147 |   277 ||   500

Table legend: (Time is in decaauts)
 A = Elapsed time spent in this place.
 B = Non-inter-level travel time spent in this place.
 C = Inter-level travel time spent in this place.
 D = Time resting spent in this place.
 E = Time spent auto-exploring this place.
 F = Levels seen in this place.
 G = Mean time per level.
                   A        B        C        D        E       F      G
               +--------+--------+--------+--------+--------+-----+--------+
         Total |  10790 |  10346 |    444 |   1064 |   6327 |  13 |  830.0 |
       Dungeon |   9338 |   8915 |    423 |    904 |   5389 |  10 |  933.8 |
        Temple |     66 |     66 |      0 |      0 |      5 |   1 |   66.0 |
          Lair |   1384 |   1364 |     20 |    160 |    933 |   2 |  692.0 |
               +--------+--------+--------+--------+--------+-----+--------+

Top non-repeatable levels by time:
    D:10: 1463 daAuts
  Lair:1: 1302 daAuts
     D:8: 1027 daAuts
     D:9: 1001 daAuts
     D:1: 938 daAuts
     D:2: 910 daAuts
     D:6: 898 daAuts
     D:4: 888 daAuts
     D:7: 861 daAuts
     D:5: 693 daAuts
     D:3: 654 daAuts
  Lair:2: 81 daAuts
  Temple: 66 daAuts
